 Dungeon Crawl Stone Soup version 0.28.0-43-g3370ac3207 (webtiles) character file.

Game seed: 10309615022625125022

291 CryoSword the Firebug (level 5, -4/41 HPs)
             Began as a Demigod Fire Elementalist on Mar 16, 2022.
             Slain by a two-headed ogre
             ... wielding a +0 dire flail
              (18 damage)
             ... on level 4 of the Dungeon.
             The game lasted 00:05:18 (5554 turns).

CryoSword the Firebug (Demigod Fire Elementalist)   Turns: 5554, Time: 00:05:18

Health: -4/41      AC:  2    Str: 13    XL:     5   Next: 84%
Magic:  2/10       EV: 12    Int: 17    God:
Gold:   173        SH:  0    Dex: 14    Spells: 5/8 levels left

rFire   . . .      SeeInvis .   h - +0 flail (protect)
rCold   . . .      Faith    .   (no shield)
rNeg    . . .      Spirit   .   a - +0 robe
rPois   .          Reflect  .   (no helmet)
rElec   .          Harm     .   (no cloak)
rCorr   .          Rampage  .   (no gloves)
Will    .....                   (no boots)
Stlth   ++........              l - amulet of magic regeneration
HPRegen 0.13/turn               (no ring)
MPRegen 0.52/turn               (no ring)

@: no status effects
A: high MP 1, forlorn, divine attributes
a: no special abilities


You were on level 4 of the Dungeon.
You visited 1 branch of the dungeon, and saw 4 of its levels.

You collected 173 gold pieces.

Inventory:

Hand Weapons
 h - a +0 flail of protection (weapon)
   (You found it on level 2 of the Dungeon)
Missiles
 i - 8 boomerangs
Armour
 a - a +0 robe (worn)
Jewellery
 l - an amulet of magic regeneration (around neck)
   (You found it on level 4 of the Dungeon)
Scrolls
 b - 2 scrolls of vulnerability {unknown}
 c - 3 scrolls of fog {unknown}
 d - a scroll of enchant weapon {unknown}
 e - a scroll of summoning {unknown}
 f - 2 scrolls of identify {unknown}
 g - 2 scrolls of teleportation {unknown}
 j - a scroll of magic mapping {unknown}
Potions
 k - a potion of degeneration {unknown}


   Skills:
 + Level 2.2 Fighting
 - Level 2.0 Dodging
 - Level 2.0 Stealth
 - Level 2.0 Spellcasting
 + Level 2.7 Conjurations
 * Level 4.6 Fire Magic


You had 5 spell levels left.
You knew the following spells:

 Your Spells              Type           Power      Damage    Failure   Level
a - Foxfire               Conj/Fire      56%        2x1d6     4%          1
b - Scorch                Fire           34%        2d7       4%          2

Your spell library contained the following spells:

 Spells                   Type           Power      Damage    Failure   Level
 Conjure Flame            Conj/Fire      14%        6-21      13%         3
 Inner Flame              Hex/Fire       9%         N/A       22%         3
 Flame Wave               Conj/Fire      14%        2d6       38%         4


Dungeon Overview and Level Annotations

Branches:
Dungeon (4/15)
 Temple: D:4-7

Shops:
D:2 (   D:4 ![


Innate Abilities, Weirdness & Mutations

You have an increased reservoir of magic. (+10% MP)
You shall have no god before yourself.
Your divine heritage dramatically boosts your attributes as you level up.


Message History

You conjure some foxfire!
The ball python hisses angrily.
The foxfire hits the ball python.
You kill the ball python!
No target in view!
No target in view!
You now have 145 gold pieces (gained 11).
A ball python comes into view.
The ball python hisses angrily.
A ball python is nearby!
A ball python is nearby!
A ball python is nearby!
You conjure some foxfire!
The foxfire hits the ball python. x2
You kill the ball python!
No target in view!
No target in view!
You see here a ball python corpse.
You see here 23 bolts.
An orc comes into view. It is wielding a +0 hand axe.
An orc is nearby!
An orc is nearby!
The helpless orc fails to defend itself.
You hit the orc.
Your weapon exudes an aura of protection.
The orc closely misses you. x2
You hit the orc. The orc closely misses you.
You conjure some foxfire!
The orc completely misses you.
Unknown command.
Flames lash the orc.
You kill the orc!
Things that are here:
a +0 hand axe; an orc corpse
Found 14 stones and a chain mail.
Found a runed whip and 24 bolts.
Things that are here:
a +0 hand axe; an orc corpse
There is a stone staircase leading up here.
Done exploring.
Things that are here:
a +0 hand axe; an orc corpse You see here a +1 whip of freezing.
Done exploring.
Things that are here:
a +0 hand axe; an orc skeleton
There is a stone staircase leading down here.
You climb downwards.
Found Kojuiqil's Antique Armour Shop.
There is a stone staircase leading up here.
There is an entrance to Kojuiqil's Antique Armour Shop here.
You open the door.
There is an open door here.
A phantom comes into view.
Found 6 boomerangs.
A phantom is nearby!
A kobold comes into view. It is wielding a +0 whip.
Found a small sapphire amulet.
Flames lash the phantom.
The phantom's fire resistance burns away.
You hear a shout!
You conjure some foxfire!
Flames lash the phantom.
The phantom is burned terribly!
The foxfire hits the phantom. x2; The phantom is burned terribly!
The phantom hits you!
The phantom blinks!
You blink.
Flames lash the kobold.
You kill the kobold!
The phantom closely misses you.
Flames lash the phantom.
The phantom is burned terribly!
You destroy the phantom!
Your Fighting skill increases to level 2!
You have reached level 5!
You start resting.
You start resting.
i - 8 boomerangs (gained 6)
Things that are here:
a +0 whip; 2 stones
l - an amulet of magic regeneration An orc comes into view.
It is wielding a +0 whip.
Found a scroll labelled HEGYRGH NIJAKH.
The orc shouts!
You barely miss the orc. The orc hits you but does no damage.
You completely miss the orc. The orc hits you with a +0 whip.
Flames lash the orc.
The orc's fire resistance burns away.
The orc barely misses you.
Flames lash the orc.
The orc is burned terribly!
You kill the orc!
You conjure some foxfire!
Unknown command.
You start putting on your amulet.
You continue putting on your amulet of magic regeneration. x5
You finish putting on your amulet of magic regeneration.
The amulet cannot attune itself to your exhausted body.
l - an amulet of magic regeneration (around neck)
Your amulet attunes itself to your body and you begin to regenerate magic more quickly.
Things that are here:
a +0 whip; a +0 ring mail; an orc corpse
f - 2 scrolls labelled HEGYRGH NIJAKH (gained 1)
Found a cloak.
You now have 162 gold pieces (gained 17).
Found a stone staircase leading down.
You now have 173 gold pieces (gained 11).
A kobold comes into view. It is wielding a +0 short sword.
The helpless kobold fails to defend itself.
You hit the kobold.
Your weapon exudes an aura of protection.
The kobold barely misses you. x2
Flames lash the kobold.
You kill the kobold!
Things that are here:
a +0 short sword; a stone; a kobold corpse A hound comes into view.
A hound is nearby!
A hound is nearby!
No target in view!
Nothing appears to happen.
A howler monkey comes into view.
The howler monkey howls!
You hear a bark!
A two-headed ogre comes into view.
It is wielding a +0 dire flail and a +0 giant club.
The howler monkey hoots and howls with incredible vigour!
The two-headed ogre shouts in stereo!
You hear a bark!
You hear a shout! x2
You hear an angry hiss.
There are monsters nearby!
Flames lash the howler monkey.
The howler monkey's fire resistance burns away.
Flames lash the howler monkey.
The howler monkey is burned terribly!
You kill the howler monkey!
You conjure some foxfire!
You conjure some foxfire!
The foxfire hits the hound.
Flames lash the two-headed ogre.
The two-headed ogre's fire resistance burns away.
The foxfire hits the hound but does no damage.
The foxfire hits the hound. x2; The hound bites you but does no damage.
The hound closely misses you.
You conjure some foxfire!
The hound closely misses you.
Flames lash the two-headed ogre.
The two-headed ogre is burned terribly!
The foxfire hits the hound. x2
The hound stops to sniff the ground.
The hound misses you.
Flames lash the hound.
You kill the hound!
You conjure some foxfire!
The two-headed ogre hits you with a +0 dire flail!
The two-headed ogre hits you with a +0 giant club!
* * * LOW HITPOINT WARNING * * *
Found Geupnest's Distillery.
The foxfire hits the two-headed ogre.
The two-headed ogre is burned terribly!
The foxfire hits the two-headed ogre!
The two-headed ogre is burned terribly!
The two-headed ogre hits you with a +0 dire flail!!
You die...

#.. ##. #.. #.. #.. #..
### ##.## #.. #... ...
#####.. #....
#.#######......
#.∩...####.##...........
#......@O.....####......
#.....####.#### ####...
##### #.# #.... #.#
#.... #.. #.... ###
#.... #.... #..## #....


You could see a two-headed ogre (combustible).

Vanquished Creatures
  A phantom (D:4)
  A howler monkey (D:4)
  A hound (D:4)
  3 gnolls (D:3)
  4 adders
  2 worms
  3 orcs
  4 bats
  6 endoplasms
  4 giant cockroaches
  4 hobgoblins
  4 jackals (D:2)
  6 quokkas
  9 ball pythons
  3 frilled lizards
  7 goblins
  6 kobolds
  11 rats
79 creatures vanquished.

Vanquished Creatures (others)
  220 foxfires
220 creatures vanquished.

Grand Total: 299 creatures vanquished

Notes
Turn   | Place    | Note
-------+----------+-------------------------------------------
     0 | D:1      | CryoSword the Demigod Fire Elementalist began the quest for
                  | the Orb.
     0 | D:1      | Reached XP level 1. HP: 14/14 MP: 5/5
   182 | D:1      | Reached skill level 1 in Conjurations
   965 | D:1      | Reached XP level 2. HP: 16/20 MP: 4/7
  1939 | D:1      | Learned a level 2 spell: Scorch
  2164 | D:2      | Reached skill level 3 in Fire Magic
  2249 | D:2      | Reached XP level 3. HP: 27/27 MP: 4/8
  2356 | D:2      | Found Haziciborr's Weapon Boutique.
  3043 | D:2      | Reached skill level 1 in Fighting
  3822 | D:3      | Reached XP level 4. HP: 35/35 MP: 4/9
  4603 | D:3      | Identified the +7 whip of the Wheel {vorpal, *Corrode rC+
                  | Str+2}
  4677 | D:3      | Reached skill level 4 in Fire Magic
  5164 | D:4      | Found Kojuiqil's Antique Armour Shop.
  5187 | D:4      | Noticed a phantom
  5194 | D:4      | Killed a phantom
  5195 | D:4      | Reached XP level 5. HP: 33/41 MP: 0/10
  5542 | D:4      | Noticed a two-headed ogre
  5552 | D:4      | Found Geupnest's Distillery.
  5554 | D:4      | Slain by a two-headed ogre

Illustrated notes

Levels and vault maps discovered:
D:1:      dpeg_arrival_triangle_fractal, layout_loops_cross
D:2:      minmay_razor_zed, layout_loops_ring, serial_shops,
          nicolae_shop_advertising_works [nicolae_subvault_shop_adworks]
D:3:      layout_loops_ring, nicolae_ecumenical_snake_handling, minivault_5,
          minmay_pentomino_pile
D:4:      layout_loops_cross, serial_shops, nicolae_shop_hallway_stairs, shop,
          nicolae_shop_trees, shop_scrolls

Skill      XL: |  1  2  3  4 |
---------------+-------------+-----
Conjurations   | 1 2 |  2.7
Dodging        | 2 |  2.0
Stealth        | 2 |  2.0
Spellcasting   | 2 |  2.0
Fire Magic     | 3 4 |  4.6
Fighting       | 1 2 |  2.2

Action                   |  1- 3 |  4- 6 || total
-------------------------+-------+-------++-------
Melee: Unarmed           |    29 |       ||    29
       Short sword       |    43 |       ||    43
       Flail             |     5 |    29 ||    34
 Cast: Foxfire           |   102 |    32 ||   134
       Scorch            |       |    16 ||    16
 Stab: Sleeping          |     4 |     4 ||     8
       Distracted        |     1 |       ||     1
Armor: Robe              |    14 |     8 ||    22
Dodge: Dodged            |    92 |    26 ||   118
